cohdb
Replays
Latest Replays
All Replays
Popular Replays
Top Player Replays
Match Explorer
How It Works
Community
CoH3 Stats
Reddit
Sign in to upload your games and track your stats! →
Sign in with Steam
Match 43607269
Unlisted
Match 43607269
Overview
Messages
Build Orders
End
Selects Heavy Armor Battlegroup
Construct Section Command Post
Vickers Machine Gun Team
Infantry Section
Infantry Section
Construct Platoon Command Post
Selects Rigorous Vehicle Training
Selects Light Vehicle Withdraw and Refit
Humber Armored Car
Construct Field Infirmary
Infantry Section
Selects Forward Repair Assembly
Selects UNKNOWN (2162094)
Construct Company Command Post
ML 3-inch Mortar Team
Foot Guards Section
Dahlian
[82AD] PaulVmax
Stormless
William Rhodes
Phoenix
std::shared_ptr<std::string>();
0
0
Comments
sign in to comment!
No comments posted yet!